 Dungeon Crawl Stone Soup version 0.29.1 (webtiles) character file.

Game seed: 6063963842439266681

8 Artool the Ducker (level 2, 4/22 HPs)
             Began as a Demonspawn Gladiator on Sept 14, 2022.
             Quit the game on level 1 of the Dungeon.
             The game lasted 00:00:31 (469 turns).

Artool the Ducker (Demonspawn Gladiator)             Turns: 469, Time: 00:00:32

Health: 4/22       AC:  3    Str: 14    XL:     2   Next: 0%
Magic:  2/2        EV: 12    Int:  9    God:
Gold:   24         SH:  0    Dex: 14    Spells: 1/1 levels left

rFire   . . .      SeeInvis .   j - +0 whip
rCold   . . .      Faith    .   (no shield)
rNeg    . . .      Spirit   .   b - +0 leather armour
rPois   .          Reflect  .   (helmet restricted)
rElec   .          Harm     .   (no cloak)
rCorr   .          Rampage  .   (no gloves)
Will    .....                   (no boots)
Stlth   +.........              (no amulet)
HPRegen 0.07/turn               (no ring)
MPRegen 0.08/turn               (no ring)

@: no status effects
A: antennae 1
a: no special abilities


You were on level 1 of the Dungeon.
You visited 1 branch of the dungeon, and saw 1 of its levels.

You collected 24 gold pieces.

Inventory:

Hand Weapons
 a - a +0 flail
 j - a +0 whip (weapon)
Missiles
 d - 3 throwing nets (quivered)
 e - a javelin
Armour
 b - a +0 leather armour (worn)
 c - a +0 helmet
 f - an orb of guile
Jewellery
 h - a +6 ring of strength
Scrolls
 i - a scroll of teleportation {unknown}
Potions
 g - a potion of ambrosia {unknown}
 k - a potion of heal wounds {unknown}
 l - a potion of invisibility {unknown}


   Skills:
 + Level 2.1 Fighting
 + Level 2.8 Maces & Flails
 - Level 1.7 Throwing
 + Level 0.4 Armour
 + Level 2.8 Dodging


You had one spell level left.
You didn't know any spells.
Your spell library was empty.

Dungeon Overview and Level Annotations

Branches:
Dungeon (1/15)

Altars:


Innate Abilities, Weirdness & Mutations

You have a pair of small antennae on your head.


Message History

You hit the rat.
The rat is moderately wounded.
The rat closely misses you.
A rat is nearby!
You hit the rat but do no damage.
The rat is moderately wounded.
The rat bites you but does no damage.
You hit the rat.
You kill the rat!
No target in view!
No target in view!
An endoplasm comes into view.
The endoplasm quivers.
Found an escape hatch in the floor.
Found a stone staircase leading down.
An endoplasm is nearby!
The endoplasm freezes you.
You are frozen.
An endoplasm is nearby!
You hit the endoplasm but do no damage. The endoplasm freezes you.
You are frozen.
An endoplasm is nearby!
You are too injured to fight recklessly!
You are too injured to fight recklessly!
You are too injured to fight recklessly!
You are too injured to fight recklessly!
You are too injured to fight recklessly!
You are too injured to fight recklessly!
You hit the endoplasm.
The endoplasm is severely wounded.
The endoplasm freezes you.
You are frozen.
* * * LOW HITPOINT WARNING * * *
You hit the endoplasm.
You kill the endoplasm!
You have reached level 2!
Your demonic ancestry asserts itself...
A pair of antennae grows on your head!
Your +0 helmet falls away!
Are you sure you want to abandon this character and quit the game? (Confirm with "yes".)

###.###.### ##PPP......#
#.♣ #...P♣PPP..# #.♣
#.P♣.♣♣P♣..# #.♣
#....♣♣♣♣P.# #.♣
###.#..P.P♣P.###>♣
.>.....P.P♣....#.#
########.PPP.#.#.###.###
#.P......@.....>.
##....###.###.### ##P.##
#... ### #####


There were no monsters in sight!

Vanquished Creatures
  A ball python (D:1)
  An endoplasm (D:1)
  2 hobgoblins (D:1)
  A quokka (D:1)
  2 rats (D:1)
7 creatures vanquished.

Notes
Turn   | Place    | Note
-------+----------+-------------------------------------------
     0 | D:1      | Artool the Demonspawn Gladiator began the quest for the
                  | Orb.
     0 | D:1      | Reached XP level 1. HP: 16/16 MP: 1/1
    29 | D:1      | Found a faded altar of an unknown god.
   469 | D:1      | Gained mutation: You have a pair of small antennae on your
                  | head. [demonic ancestry]
   469 | D:1      | Reached XP level 2. HP: 4/22 MP: 2/2
   469 | D:1      | Quit the game

Illustrated notes

Levels and vault maps discovered:
D:1:      co_arrival_square_in_a_square_in_a_square, layout_loops_ring,
          serial_forest, infiniplex_forest_end_3, infiniplex_forest_clump_small,
          infiniplex_forest_clump_C, infiniplex_forest_clump_curved,
          infiniplex_forest_clump_medium, infiniplex_forest_lined_corner,
          infiniplex_forest_clump_curved, infiniplex_forest_end_3,
          ebering_ecumenical_altar_box, minmay_misc_feat_rugged,
          serial_park_tiny_pond

Action                   || total
-------------------------++-------
Melee: Flail             ||    17
       Whip              ||     6
Armor: Leather armour    ||     2
Dodge: Dodged            ||    14
